 Dungeon Crawl Stone Soup version 0.21.1-1-g345015fe64 (webtiles) character file.

202 Kohma the Stinger (level 5, 0/24 HPs)
             Began as a Spriggan Venom Mage on June 21, 2018.
             Slain by an orc
             ... wielding a +0 flail
              (10 damage)
             ... on level 2 of the Dungeon.
             The game lasted 00:18:37 (4875 turns).

Kohma the Stinger (Spriggan Venom Mage)             Turns: 4875, Time: 00:18:38

Health: 0/24       AC:  2    Str:  4    XL:     5   Next: 50%
Magic:  11/11      EV: 19    Int: 17    God:
Gold:   123        SH:  0    Dex: 17    Spells: 5/11 levels left

rFire    . . .     SeeInvis +   f - +0 whip
rCold    . . .     Gourm    .   (shield restricted)
rNeg     . . .     Faith    .   a - +0 robe
rPois    .         Spirit   .   (helmet restricted)
rElec    .         Reflect  .   (no cloak)
rCorr    .         Harm     .   (gloves unavailable)
MR       .....                  (boots unavailable)
Stlth    +++.......             (no amulet)
HPRegen  0.08/turn              (no ring)
MPRegen  0.12/turn              (no ring)

@: very quick
A: very small, unfitting armour, see invisible, herbivore, speed 3, slow
metabolism 2
a: no special abilities


You were on level 2 of the Dungeon.
You were not hungry.

You visited 1 branch of the dungeon, and saw 3 of its levels.

You collected 123 gold pieces.

Inventory:

Hand Weapons
 f - a +0 whip (weapon)
 r - a +0 blowgun
Missiles
 g - 7 javelins
 i - 53 stones (quivered)
 j - 62 sling bullets
Armour
 a - a +0 robe (worn)
Jewellery
 h - a +3 amulet of reflection {unknown}
 l - a cursed amulet of inaccuracy {unknown}
Wands
 o - a wand of polymorph (8)
 s - a wand of random effects (17)
Scrolls
 d - 3 scrolls of identify {unknown}
 k - 3 scrolls of enchant armour {unknown}
 m - a scroll of teleportation {unknown}
 n - a scroll of remove curse {unknown}
Potions
 e - 2 potions of heal wounds {unknown}
 p - a potion of ambrosia {unknown}
 q - a potion of flight {unknown}
Books
 b - a Young Poisoner's Handbook

   Spells                             Type                      Level
   a - Sting                          Conjuration/Poison           1
   b - Poisonous Vapours              Poison/Air                   2
   c - Mephitic Cloud                 Conjuration/Poison/Air       3
   d - Olgreb's Toxic Radiance        Poison                       4
   e - Venom Bolt                     Conjuration/Poison           5
Comestibles
 c - 5 rations


   Skills:
 + Level 4.1 Dodging
 - Level 3.4 Stealth
 + Level 3.6 Spellcasting
 + Level 1.5 Conjurations
 * Level 2.0 Air Magic
 * Level 4.3 Poison Magic


You had 5 spell levels left.
You knew the following spells:

 Your Spells              Type           Power        Failure   Level  Hunger
a - Sting                 Conj/Pois      ##..         4%          1    None
b - Poisonous Vapours     Pois/Air       ##....       7%          2    ##.....
c - Mephitic Cloud        Conj/Pois/Air  ##......     17%         3    ###....


Dungeon Overview and Level Annotations

Branches:
Dungeon (3/15)

Altars:


Innate Abilities, Weirdness & Mutations

You are very small and have problems with some larger weapons.
You are too small for most types of armour.
You have supernaturally acute eyesight. (SInv)
You are a herbivore.
You cover ground extremely quickly.
You need consume almost no food.


Message History

Aim: an orc, wielding a flail That beam is likely to hit you.
Continue anyway? [Y]es or [N]o only, please.
That beam is likely to hit you.
Continue anyway? [Y]es or [N]o only, please.
That beam is likely to hit you.
Continue anyway? [Y]es or [N]o only, please.
That beam is likely to hit you.
Continue anyway? [Y]es or [N]o only, please.
That beam is likely to hit you.
Continue anyway? [Y]es or [N]o only, please.
That beam is likely to hit you.
Continue anyway? [Y]es or [N]o only, please.
That beam is likely to hit you.
Continue anyway? [Y]es or [N]o only, please.
That beam is likely to hit you.
Continue anyway?
Okay, then.
You hit the orc but do no damage. The orc barely misses you.
The orc hits you with a flail!
You die...

##..#.#########
######## #..#.#
....[..# #####.#.#
.....#.# #...#.#.#
####.#.###.#.#...#
.............#...#
####.#.###.###..o#
####.#.#...###.#o#
.....#.#....##.#@#
######.#.......#o#
.......#.##.####.#
########.##...<#.#
#####
.....###.#######.#
#...# ##....##.#
#.# #...#
#).†.##.# #.#
#...# #....##.#
#.# #...#
#....##.# #.#
##..>#####


You could see 3 orcs.

Vanquished Creatures
  A jelly (D:2)
  Natasha (thrice) (D:2)
  4 adders
  An ooze (D:2)
  2 worms
  2 leopard geckos
  10 bats
  3 giant cockroaches
  7 goblins
  4 hobgoblins
  3 jackals (D:2)
  A ball python (D:2)
  5 frilled lizards
  4 kobolds
  8 rats
58 creatures vanquished.

Notes
Turn   | Place    | Note
-------+----------+-------------------------------------------
     0 | D:1      | Kohma the Spriggan Venom Mage began the quest for the Orb.
     0 | D:1      | Reached XP level 1. HP: 9/9 MP: 5/5
   798 | D:1      | Reached XP level 2. HP: 13/13 MP: 2/6
   802 | D:1      | Learned a level 2 spell: Poisonous Vapours
  1837 | D:2      | Reached skill level 1 in Conjurations
  1837 | D:2      | Reached XP level 3. HP: 16/16 MP: 3/8
  1887 | D:2      | Learned a level 3 spell: Mephitic Cloud
  2306 | D:2      | Reached skill level 1 in Air Magic
  2423 | D:2      | Reached XP level 4. HP: 21/21 MP: 6/9
  3277 | D:2      | Noticed Natasha
  3289 | D:2      | Killed Natasha
  3538 | D:2      | Reached XP level 5. HP: 24/24 MP: 2/11
  3870 | D:2      | Noticed Natasha
  3872 | D:2      | Killed Natasha
  4308 | D:2      | Noticed Natasha
  4312 | D:2      | Killed Natasha
  4875 | D:2      | Slain by an orc

Skill      XL: |  1  2  3  4  5 |
---------------+----------------+-----
Spellcasting   | 3 |  3.6
Conjurations   | 1 |  1.5
Air Magic      | 1 2 |  2.0
Poison Magic   | 4 |  4.3
Dodging        | 4 |  4.1
Stealth        | |  3.4

Action                   |  1- 3 |  4- 6 || total
-------------------------+-------+-------++-------
Melee: Whip              |    14 |     7 ||    21
 Cast: Sting             |    51 |    30 ||    81
       Poisonous Vapours |    12 |    43 ||    55
  Eat: Ration            |       |     2 ||     2
Armor: Robe              |     6 |     3 ||     9
Dodge: Dodged            |    32 |    26 ||    58
